cohdb
Replays
Latest Replays
All Replays
Popular Replays
Top Player Replays
Match Explorer
How It Works
Community
CoH3 Stats
Reddit
Sign in to upload your games and track your stats! →
Sign in with Steam
Match 44623860
Unlisted
Match 44623860
Overview
Messages
Build Orders
End
Royal Engineer Section
Construct Section Command Post
Selects Canadian Shock Battlegroup
Dingo Light Scout Car
Infantry Section
Infantry Section
Construct Platoon Command Post
Humber Armored Car
Grenade Package
Selects Attacking Spirit
Selects Incendiary Munitions
Selects Canadian Shock Section
Humber Armored Car
Canadian Shock Section
Light Vehicle Training
Construct Field Infirmary
DrewP
[TW]windowmausS03
0
0
Comments
sign in to comment!
No comments posted yet!